 Dungeon Crawl Stone Soup version 0.29.1-13-g9f3cf754e1 (webtiles) character file.

Game seed: 14628927387236111761

28 shadowmeld the Insei (level 3, -2/27 HPs)
             Began as a Djinni Transmuter on Jan 30, 2023.
             Slain by a goblin
             ... wielding a +0 club
             ... led by Robin
              (5 damage)
             ... on level 2 of the Dungeon.
             The game lasted 00:04:19 (1782 turns).

shadowmeld the Insei (Djinni Transmuter)            Turns: 1782, Time: 00:04:20

Health: -2/27      AC:  2    Str:  9    XL:     3   Next: 27%
Gold:   22         EV: 12    Int: 16    God:
                   SH:  0    Dex: 13

rFire   + + .      SeeInvis .     - Unarmed
rCold   x . .      Faith    .   (no shield)
rNeg    . . .      Spirit   .   a - +0 robe
rPois   ∞          Reflect  .   (no helmet)
rElec   .          Harm     .   (no cloak)
rCorr   .          Rampage  .   (no gloves)
Will    .....                   (boots unavailable)
Stlth   +.........              (no amulet)
HPRegen 0.09/turn               (no ring)
MPRegen 0.00/turn               (no ring)

@: flying
A: sickness immunity, fire resistance 2, cold vulnerability 1, float, innate
caster, HP casting, extra vitality 1
a: no special abilities


You were on level 2 of the Dungeon.
You visited 1 branch of the dungeon, and saw 2 of its levels.

You collected 22 gold pieces.

Inventory:

Hand Weapons
 k - a +2 spear of distortion
Missiles
 f - 6 curare-tipped darts
Armour
 a - a +0 robe (worn)
Scrolls
 c - 3 scrolls of identify {unknown}
 d - a scroll of teleportation {unknown}
 e - a scroll of torment {unknown}
 g - 2 scrolls of fog {unknown}
 i - a scroll of blinking {unknown}
 j - a scroll of enchant weapon {unknown}
Potions
 b - a potion of lignification
 h - a potion of brilliance {unknown}


   Skills:
 * Level 1.2 Fighting
 * Level 0.6 Armour
 * Level 2.4 Dodging
 * Level 3.6 Unarmed Combat
 * Level 1.8 Spellcasting


You couldn't memorise any spells.
You knew the following spells:

 Your Spells              Type           Power      Damage    Failure   Level
a - Beastly Appendage     Tmut           14%        N/A       10%         1
b - Wereblood             Tmut           7%         N/A       16%         2
c - Spider Form           Tmut/Pois      7%         N/A       30%         3
d - Ice Form              Ice/Tmut       7%         N/A       69%         4
e - Foxfire               Conj/Fire      28%        2x1d5     10%         1
Your spell library was empty.

Dungeon Overview and Level Annotations

Branches:
Dungeon (2/15)

Altars:

Annotations:
D:2 Robin


Innate Abilities, Weirdness & Mutations

You are immune to sickness and miasma.
You are immune to poison.
Your flesh is very heat resistant. (rF++)
You are vulnerable to cold. (rC-)
You float through the air rather than walking.
You learn spells naturally, not from books.
Your magical power is your life essence.
You have superior vitality. (+4 MHP)


Message History

Robin throws the goblin at you! The goblin hits you with a +0 club.
Things that are here:
a +0 dagger; a goblin corpse You barely miss the goblin.
Your transformation is almost over.
Robin throws the goblin at you! The goblin hits you with a +0 club.
The goblin attacks as you move away! The goblin hits you with a +0 club.
* * * LOW HITPOINT WARNING * * *
There is an open door here.
You hit the goblin.
The goblin is heavily wounded.
The goblin closely misses you.
You hit the goblin.
You kill the goblin!
Robin roars a battlecry!
You reach down and open the door.
Your horns disappear.
The hobgoblin no longer looks unusually strong.
Robin roars a battlecry!
A hobgoblin comes into view.
Robin says, "My goblins will feast on your bones."
There is an open door here.
You barely miss the goblin. The goblin hits you but does no damage.
You completely miss the goblin. The goblin closely misses you.
You hit the goblin.
The goblin is severely wounded.
The goblin no longer looks unusually strong.
The goblin hits you but does no damage.
You closely miss the goblin.
The goblin is severely wounded.
A goblin comes into view. It is wielding a +0 club.
Robin roars a battlecry!
The goblin goes into a battle-frenzy!
The goblin hits you with a +0 club.
* * * LOW HITPOINT WARNING * * *
You hear a shout!
The goblin attacks as you move away! The goblin barely misses you.
The goblin attacks as you move away! The goblin hits you with a +0 club.
You die...

...........####..#.####
#......g## ##...#
##.....## ###.# ##..g##
#.# ##g## #.# #g# #.#
#.# #.# ##g## #.#
##.@.# #.# .##
#..<..#########.# ...
##...###........#
#.####.## #.########
#...(...###.#
#...........#
###.._..##### #.....#
##.....###


You could see Robin, 2 hobgoblins and a goblin (strong).

Vanquished Creatures
  A worm (D:2)
  A dart slug (D:1)
  2 endoplasms
  5 goblins
  3 hobgoblins
  3 jackals (D:1)
  A quokka (D:1)
  A ball python (D:1)
  2 kobolds
  A rat (D:1)
20 creatures vanquished.

Vanquished Creatures (others)
  A plant (D:1)
1 creature vanquished.

Grand Total: 21 creatures vanquished

Notes
Turn   | Place    | Note
-------+----------+-------------------------------------------
     0 | D:1      | shadowmeld the Djinni Transmuter began the quest for the
                  | Orb.
     0 | D:1      | shadowmeld set off with the following spells memorised:
                  | Beastly Appendage, Wereblood, Spider Form, Ice Form.
     0 | D:1      | Reached XP level 1. HP: 17/17 MP: 0/0
   233 | D:1      | Reached XP level 2. HP: 21/22 MP: 0/0
  1748 | D:2      | Reached XP level 3. HP: 27/27 MP: 0/0
  1748 | D:2      | Learned a level 1 spell: Foxfire
  1756 | D:2      | Noticed Robin
  1782 | D:2      | Slain by a goblin

Illustrated notes

Levels and vault maps discovered:
D:1:      dpeg_arrival_rhombus, layout_basic, grunt_decor_mini_mirrors,
          serial_bayou_ford_a
D:2:      layout_loops_corners, basic_altar, minmay_octomino_e4, uniq_natasha,
          uniq_robin

Action                   || total
-------------------------++-------
Melee: Unarmed           ||    75
       Punch             ||     1
       Headbutt          ||     7
 Cast: Beastly Appendage ||    12
 Stab: Sleeping          ||     1
Armor: Robe              ||    11
Dodge: Dodged            ||    30
